[Event "Gibraltar Challengers B 2020"]
[Site "Caleta"]
[Date "2020.01.29"]
[Round "5.19"]
[White "Voiteanu, Gabriel"]
[Black "Maldonado Mena, German"]
[Result "1/2-1/2"]
[ECO "D30"]
[WhiteElo "2133"]
[BlackElo "1946"]
[Annotator "ChessBase"]
[PlyCount "144"]
[EventDate "2020.01.20"]
[EventType "swiss"]
[EventCountry "GGB"]
[SourceTitle "playchess.com"]
[Source "ChessBase"]
[SourceQuality "1"]
[TimeControl "6600+10"]

1. d4 d5 2. c4 e6 3. Nf3 a6 4. g3 dxc4 5. Bg2 b5 6. O-O Bb7 7. a4 Nf6 8. Bg5 Be7 9. b3 cxb3 10. axb5 axb5 11. Rxa8 Bxa8 12. Qxb3 b4 13. Bxf6 gxf6 14. Rc1 Bd5 15. Qc2 b3 16. Qd3 Nc6 17. e4 Nb4 18. Qb5+ c6 19. Qe2 b2 20. Rc3 Ba2 21. Qxb2 e5 22. Nbd2 exd4 23. Ra3 Be6 24. Nxd4 Nc2 25. Nxc2 Qxd2 26. Ra8+ Bd8 27. Qd4 Qxd4 28. Nxd4 Kd7 29. Bf1 Re8 30. Ra6 f5 31. Rxc6 fxe4 32. Bb5 Ke7 33. Rxe6+ fxe6 34. Bxe8 Bb6 35. Nb5 Kxe8 36. Nd6+ Kd7 37. Nxe4 Bd8 38. g4 e5 39. Nc5+ Kc6 40. Ne4 Kd5 41. f3 Kd4 42. Kg2 Kd5 43. Kg3 Ke6 44. h4 h6 45. h5 Be7 46. Kf2 Bh4+ 47. Kg2 Be7 48. Kg3 Bd8 49. g5 hxg5 50. Kg4 Kf7 51. Nxg5+ Kf6 52. Ne4+ Kg7 53. Nd6 Kf6 54. Ne4+ Kg7 55. Kf5 Bc7 56. Nc5 Kh6 57. Kg4 Bd6 58. Ne4 Bc7 59. Ng3 Kg7 60. Nf5+ Kf6 61. Ne3 Kg7 62. Nd5 Bd6 63. Kf5 Kh6 64. Nf6 Bc7 65. Ke6 Kg5 66. Ne8 Bb8 67. Nf6 Bc7 68. Ke7 Ba5 69. Ke6 Bc7 70. Nd7 Kxh5 71. Nxe5 Kg5 72. f4+ Kxf4 1/2-1/2

[Event "Gibraltar Challengers B 2020"]
[Site "Caleta"]
[Date "2020.01.29"]
[Round "5.20"]
[White "Bengherabi, Khalil"]
[Black "Adewole, Adeyinka"]
[Result "0-1"]
[ECO "A08"]
[WhiteElo "2106"]
[BlackElo "1941"]
[Annotator "ChessBase"]
[PlyCount "60"]
[EventDate "2020.01.20"]
[EventType "swiss"]
[EventCountry "GGB"]
[SourceTitle "playchess.com"]
[Source "ChessBase"]
[SourceQuality "1"]
[TimeControl "6600+10"]

1. e4 e6 2. d3 g6 3. Nf3 Bg7 4. g3 c5 5. Bg2 Nc6 6. O-O Nge7 7. Nbd2 O-O 8. c3 d5 9. Qe2 a5 10. a4 b6 11. Re1 Ba6 12. exd5 Nxd5 13. Ne4 h6 14. c4 Ndb4 15. Rd1 Bb7 16. Be3 Qd7 17. Nc3 Rad8 18. Nb5 e5 19. Ne1 Nd4 20. Nxd4 exd4 21. Bd2 Bxg2 22. Nxg2 Rfe8 23. Qf1 Nc2 24. Rac1 Qxa4 25. Ne1 Nxe1 26. Rxe1 Qb3 27. Rb1 Qc2 28. Red1 g5 29. Be1 Re6 30. Rd2 Qxb1 0-1

[Event "Gibraltar Challengers B 2020"]
[Site "Caleta"]
[Date "2020.01.29"]
[Round "5.21"]
[White "Mao, Yingzhou"]
[Black "Omovie Ejenavi"]
[Result "0-1"]
[ECO "E09"]
[WhiteElo "1948"]
[BlackElo "2089"]
[Annotator "NA RC"]
[PlyCount "138"]
[EventDate "2020.01.20"]
[EventType "swiss"]
[EventCountry "GGB"]
[SourceTitle "playchess.com"]
[Source "ChessBase"]
[SourceQuality "1"]
[TimeControl "6600+10"]

1. d4 d5 2. c4 e6 3. g3 Nf6 4. Bg2 Be7 5. Nf3 O-O 6. O-O Nbd7 7. Nbd2 c6 8. Qc2 b5 {[%emt 0:00:53] E09: Closed Catalan: Main Line: 7 Qc2 c6 8 Nbd2} (8... b6 9. e4 dxc4 10. Nxc4 Bb7 11. e5 Nd5 12. Bd2 Rc8 13. Qe4 b5 14. Na5 Ba8 15. Qg4 g6 16. Nb3 h5 17. Qe4 c5 18. dxc5 {½-½ (21) Wang,H (2737)-Fedoseev,V (2680) Poikovsky 2019}) 9. cxb5 cxb5 10. Qc6 Rb8 11. Nb3 Rb6 $146 ({Predecessor:} 11... a6 12. Bf4 Bb7 13. Qc7 Qxc7 14. Bxc7 Rbc8 15. Rac1 Ne8 16. Bf4 {½-½ (31) Piyumantha,M (2032)-Tuomainen,F (2214) Tarvisio 2017}) 12. Qc2 Bb7 13. Bd2 Rc6 14. Qd3 b4 15. Ne5 Nxe5 16. dxe5 Nd7 17. Qd4 a5 18. Qa7 Qa8 19. Qxa8 Rxa8 20. f4 a4 (20... Rc2 $17 21. Rfc1 Rac8 22. Nxa5 Ba6) 21. Nd4 Rc4 22. e3 Bc5 23. Rac1 Ba6 24. Rfd1 Bxd4 25. Rxc4 Bxe3+ ({Much weaker is} 25... Bxc4 26. exd4 b3 27. a3 $11) 26. Bxe3 Bxc4 27. a3 (27. Rc1 $15 Bxa2 28. Rc7) 27... bxa3 28. bxa3 Rb8 29. Bd2 Nc5 30. Bb4 {[%emt 0:00:12] [#]} Nd3 $1 31. Bd6 {[%emt 0:00:23] [#]} Rb3 $1 32. Ra1 h6 33. Bf3 Rb2 34. Rd1 (34. h4 $17 {keeps fighting.}) 34... Rc2 35. Rb1 Bb3 36. Bd1 Rc3 37. Be2 Nc1 38. Bb5 Rc2 39. Bb4 Na2 40. Bd3 $2 (40. Ra1) 40... Rc8 $2 (40... Nxb4 $19 41. axb4 Rc3) 41. Bd2 Bc2 42. Rb2 Bxd3 43. Rxa2 Kh7 44. Kf2 Kg6 45. Ke3 Bc4 46. Rb2 Bb3 47. Rb1 Rc2 48. h3 Ra2 49. Bb4 Rh2 50. h4 Kf5 51. Kf3 h5 52. Rc1 Bc4 53. Be1 f6 54. exf6 $2 (54. Bf2 {was worth a try.}) 54... gxf6 55. Bb4 e5 56. fxe5 fxe5 57. Bd6 d4 58. g4+ hxg4+ 59. Kg3 Rh3+ 60. Kf2 Bd5 61. Rc5 Ke4 62. Be7 Rxa3 63. Ra5 g3+ 64. Kg2 Re3 $19 (64... Kf4+ $142 65. Rxd5 Ra2+ 66. Kf1 g2+ 67. Kg1 Kg3 68. Rxe5 Ra1+ 69. Re1 Rxe1#) 65. h5 d3 66. Rxa4+ Kf5+ 67. Kh3 d2 68. Ra1 g2+ 69. Kh2 Re1 0-1

[Event "Gibraltar Challengers B 2020"]
[Site "Caleta"]
[Date "2020.01.29"]
[Round "5.22"]
[White "Perez Ruiz, Santiago"]
[Black "Stolniceanu, Victor-Dumitru"]
[Result "1-0"]
[ECO "D02"]
[WhiteElo "1953"]
[BlackElo "2074"]
[Annotator "NA RC"]
[PlyCount "101"]
[EventDate "2020.01.20"]
[EventType "swiss"]
[EventCountry "GGB"]
[SourceTitle "playchess.com"]
[Source "ChessBase"]
[SourceQuality "1"]
[TimeControl "6600+10"]

1. d4 d5 2. Nf3 Nc6 3. Bf4 Bg4 4. e3 a6 5. c4 e6 6. cxd5 {[%emt 0:03:46] D02: 1 d4 d5 2 Nf3 sidelines, including 2...Nf6 3 g3 and 2...Nf6 3 Bf4} exd5 7. Nc3 Nf6 8. Qb3 $146 ({Predecessor:} 8. Be2 h6 9. h3 Be6 10. Rc1 Bd6 11. Ne5 Bxe5 12. dxe5 Nd7 13. Nxd5 O-O 14. O-O Ndxe5 15. Bxe5 Qxd5 16. Qxd5 Bxd5 17. Bxc7 {0-1 (55) Payen,A (2318)-Miladinovic,I (2572) Monastir 2013}) 8... b5 9. Ne5 Na5 10. Qc2 Be6 11. Be2 Bd6 12. O-O O-O 13. Rac1 Rc8 14. a4 c6 15. Nd3 Bf5 16. Bxd6 Qxd6 17. Qd1 Bxd3 18. Bxd3 Qb4 19. Rb1 Rfe8 20. h3 g6 21. Qe1 Kg7 22. Qd1 (22. b3 $5) 22... Re6 23. Bc2 Nc4 24. Na2 Qa5 25. b4 Qc7 26. a5 Rce8 27. Nc1 Qe7 28. Rb3 Nh5 29. Re1 f5 30. Bxf5 Rf6 (30... gxf5 $11 31. Qxh5 f4) 31. Bd3 ({White should try} 31. Bg4 $16) 31... Nf4 (31... Ref8 $11 {keeps the balance.} 32. Bxc4 bxc4) 32. Bf1 Re6 33. Nd3 Nxe3 $2 (33... Nxd3 $16 34. Bxd3 (34. Qxd3 Rf8 $14) 34... Kg8) 34. Rxe3 Rxe3 35. fxe3 Qxe3+ 36. Nf2 Qe1 37. Qxe1 Rxe1 38. Nd3 $18 Nxd3 39. Rxd3 Rb1 40. Rc3 Rxb4 41. Rxc6 Rxd4 42. Rxa6 b4 43. Rb6 Rd1 44. Rxb4 Ra1 45. a6 Kf6 46. Kf2 Ke5 47. Bd3 Kd6 48. Rb7 h5 49. Rb6+ Kc5 50. Rxg6 Kd4 51. Be2 1-0

[Event "Gibraltar Challengers B 2020"]
[Site "Caleta"]
[Date "2020.01.29"]
[Round "5.23"]
[White "Pakmor, Claus"]
[Black "Ungureanu, Sandu"]
[Result "0-1"]
[ECO "B12"]
[WhiteElo "1937"]
[BlackElo "2066"]
[Annotator "NA"]
[PlyCount "46"]
[EventDate "2020.01.20"]
[EventType "swiss"]
[EventCountry "GGB"]
[SourceTitle "playchess.com"]
[Source "ChessBase"]
[SourceQuality "1"]
[TimeControl "6600+10"]

1. e4 c6 2. d4 d5 3. e5 e6 4. f4 (4. c4 c5 5. dxc5 Bxc5 6. Qg4 g6 7. Nf3 Nc6 8. Be2 f6 9. exf6 Nxf6 10. Qh4 O-O 11. O-O Ne4 12. Qxd8 Rxd8 {½-½ (27) Smirin,I (2676)-Guliev,S (2500) Baku 2011}) 4... c5 5. c3 Nc6 6. Nf3 {[%emt 0:00:17] B12: Caro-Kann: Advance Variation} Qb6 7. Qb3 $146 ({Predecessor:} 7. b3 Bd7 8. Be2 Nh6 9. Be3 Nf5 10. Bf2 cxd4 11. cxd4 {0-1 (35) Fatima,J (1587)-AbuMengel,H (1563) Batumi 2018}) 7... Qxb3 8. axb3 cxd4 9. cxd4 Bb4+ 10. Bd2 Nge7 11. Bd3 O-O 12. Na3 f6 13. Nc2 Bxd2+ 14. Kxd2 fxe5 15. fxe5 Bd7 16. b4 a6 17. b5 axb5 18. Bxb5 Nxe5 19. Be2 ({White should play} 19. Rxa8 $15 Rxa8 20. Bxd7 Nxd7 21. Re1) 19... Nxf3+ 20. Bxf3 Nf5 21. Rxa8 Rxa8 22. g3 Rc8 23. b3 $2 {[%emt 0:00:29] [#]} (23. Bd1 $17) 23... Rxc2+ $19 {[%emt 0:00:13] Remove Defender} 0-1

[Event "Gibraltar Challengers B 2020"]
[Site "Caleta"]
[Date "2020.01.29"]
[Round "5.24"]
[White "Martinez Lopez, Jaume"]
[Black "Kunnavakkam, Sudarshanagopal Vin"]
[Result "0-1"]
[ECO "A43"]
[WhiteElo "2042"]
[BlackElo "1786"]
[Annotator "NA"]
[PlyCount "86"]
[EventDate "2020.01.20"]
[EventType "swiss"]
[EventCountry "GGB"]
[SourceTitle "playchess.com"]
[Source "ChessBase"]
[SourceQuality "1"]
[TimeControl "6600+10"]

1. d4 Nf6 2. Nf3 c5 3. d5 e6 4. Nc3 exd5 5. Nxd5 Nxd5 6. Qxd5 Nc6 7. Bf4 {[%emt 0:12:24] A43: Schmid Benoni} (7. Ng5 Qe7 8. c3 d6 9. Bf4 Be6 10. Qd2 d5 11. e3 h6 12. Nxe6 Qxe6 13. O-O-O O-O-O 14. Bd3 Bd6 {1-0 (53) Kramnik,V (2809)-Hou,Y (2651) Medias 2016}) 7... d6 8. e4 Be6 9. Qd2 Be7 10. Ng5 Bxg5 $146 ({Predecessor:} 10... O-O 11. Nxe6 fxe6 12. Bc4 Nd4 13. c3 d5 14. Bd3 Nc6 {½-½ (60) Archangelsky,M (2375)-Pieri,F (2195) Paris 1993}) 11. Bxg5 Qb6 12. b3 f6 13. Qxd6 $2 (13. Bf4 $11 {and White is okay.}) 13... Nd4 14. Bf4 Qxd6 15. Bxd6 Rd8 16. O-O-O Rxd6 17. c3 Nxb3+ 18. axb3 Rxd1+ 19. Kxd1 Bxb3+ 20. Kc1 Ke7 21. Bd3 Rd8 22. Bc2 Bxc2 23. Kxc2 Rd6 24. Rb1 b6 25. Ra1 a5 26. f3 Kd7 27. c4 Rd4 28. Kc3 Kc6 29. Re1 b5 30. cxb5+ Kxb5 31. e5 fxe5 32. Rxe5 Rd7 33. Re8 Rb7 34. f4 a4 35. g4 {[%emt 0:08:59] [#]} Ra7 $1 36. Rb8+ $19 Kc6 37. Kb2 a3+ 38. Ka2 Kd5 39. Rb3 c4 40. Rxa3 Rxa3+ 41. Kxa3 Ke4 42. f5 Kd3 43. Kb2 Kd2 0-1

[Event "Gibraltar Challengers B 2020"]
[Site "Caleta"]
[Date "2020.01.29"]
[Round "5.25"]
[White "Garcia Rodriguez, Inaki"]
[Black "Raghav, Srivathsav V"]
[Result "0-1"]
[ECO "B07"]
[WhiteElo "1944"]
[BlackElo "2023"]
[Annotator "NA RC"]
[PlyCount "154"]
[EventDate "2020.01.20"]
[EventType "swiss"]
[EventCountry "GGB"]
[SourceTitle "playchess.com"]
[Source "ChessBase"]
[SourceQuality "1"]
[TimeControl "6600+10"]

1. d4 g6 2. e4 Bg7 3. Be3 d6 4. f3 Nf6 5. Nc3 c6 6. Qd2 b5 7. a3 Nbd7 8. Nge2 {[%emt 0:00:54] B07: Pirc Defence: Miscellaneous Systems} (8. Bd3 a6 9. Nce2 e5 10. c3 d5 11. Ng3 O-O 12. N1e2 Qc7 13. O-O c5 14. Bh6 Bxh6 15. Qxh6 Bb7 {½-½ (43) Hertneck,G (2492)-Vogel,R (2462) Germany 2019}) 8... Bb7 9. g4 h5 10. g5 Nh7 11. h4 a5 $146 ({Predecessor:} 11... Nb6 12. Ng3 Nf8 13. f4 Nfd7 14. f5 Qc7 15. Bd3 O-O-O {1-0 (53) Aakanksha,H (2308)-Frayna,J (2305) Ashkhabad 2017}) 12. Bg2 b4 13. axb4 axb4 14. Rxa8 Qxa8 15. Nd1 c5 16. O-O Qa5 17. f4 Ba6 18. Rf2 (18. dxc5 $16 dxc5 19. Rf2) 18... cxd4 (18... O-O $11 {remains equal.}) 19. Nxd4 Bb7 20. f5 O-O 21. fxg6 fxg6 22. Ne6 Rxf2 23. Qxf2 Qa1 24. Qf1 Ba6 25. Qe1 Bxb2 26. Bd2 Be5 27. Ne3 Qxe1+ 28. Bxe1 Nc5 29. Nc7 Bb7 30. Ncd5 e6 31. Nxb4 Bxe4 32. Bxe4 Nxe4 33. Kg2 (33. Nc4 $11 {keeps the balance.}) 33... d5 (33... Bc3 $17 34. Bxc3 Nxc3) 34. Nc6 Bd6 35. Kf3 Nc5 36. Bb4 Nb7 37. Bxd6 Nxd6 38. Kf4 Nf8 39. Ke5 Ne8 40. Nd8 $1 Nc7 $2 (40... Ng7 $11 {and Black has nothing to worry.}) 41. Kf6 d4 42. Ng2 Nd5+ 43. Ke5 Ne3 44. Nf4 Nxc2 45. Nc6 Kf7 46. Nxd4 $2 (46. Kd6 $11 {and White is okay.}) 46... Nd7+ 47. Kd6 Nxd4 48. Kxd7 e5 49. Ng2 Nf5 50. Kc6 e4 51. Kd5 e3 52. Ke4 e2 53. Kd3 Nxh4 54. Ne1 Ke6 55. Kxe2 Kf5 56. Kf2 Kxg5 57. Kg3 Nf5+ 58. Kh3 Nd4 59. Ng2 Ne2 60. Ne3 Kf4 61. Ng2+ Ke4 62. Kh4 Nf4 63. Ne1 Kf5 64. Nf3 Ne6 65. Ng1 Ng7 66. Nh3 Kf6 67. Ng1 g5+ 68. Kg3 Kf5 69. Ne2 Ne6 70. Nc3 h4+ 71. Kh2 $19 g4 72. Nd1 Kf4 73. Nc3 Kf3 74. Kh1 g3 75. Nb1 Kf2 76. Nd2 g2+ 77. Kh2 g1=Q+ 0-1

[Event "Gibraltar Challengers B 2020"]
[Site "Caleta"]
[Date "2020.01.29"]
[Round "5.26"]
[White "Fischer, Robert"]
[Black "Hladik, Lumir"]
[Result "1-0"]
[ECO "E65"]
[WhiteElo "1923"]
[BlackElo "2018"]
[Annotator "NA RC"]
[PlyCount "49"]
[EventDate "2020.01.20"]
[EventType "swiss"]
[EventCountry "GGB"]
[SourceTitle "playchess.com"]
[Source "ChessBase"]
[SourceQuality "1"]
[TimeControl "6600+10"]

1. c4 Nf6 2. Nc3 g6 3. g3 Bg7 4. Bg2 O-O 5. Nf3 d6 6. O-O c5 7. d4 cxd4 8. Nxd4 a6 9. e3 {[%emt 0:03:35] E65: King's Indian: Fianchetto: 6...c5 7 0-0 without d5 by White} (9. b3 Qc7 10. Bg5 Nbd7 11. Rc1 h6 12. Be3 Ne5 13. h3 Bd7 14. f4 Nc6 15. Nd5 Qd8 16. Nxc6 Bxc6 17. Bb6 {1-0 (72) Khademalsharieh,S (2487)-Saduakassova,D (2505) Moscow 2019}) 9... Qc7 10. Nd5 $146 ({Predecessor:} 10. b3 e5 11. Nde2 Nc6 12. Ba3 Rd8 13. Nd5 Nxd5 14. Bxd5 Ne7 15. Nc3 Rb8 16. Rc1 Bh3 {0-1 (44) Barros,G-Osorio,J (1930) Vitoria 2014}) 10... Nxd5 11. cxd5 Nd7 12. Bd2 Nf6 13. Rc1 Qb8 14. Qb3 Bd7 15. Qb6 Ne8 16. Rc3 Qa7 17. Rb3 Qxb6 18. Rxb6 Bc8 19. Rc1 e5 20. dxe6 $1 Bxd4 21. exf7+ Rxf7 22. exd4 Nc7 23. Rxd6 Be6 24. Rxc7 Rxc7 $18 25. Rxe6 1-0

[Event "Gibraltar Challengers B 2020"]
[Site "Caleta"]
[Date "2020.01.29"]
[Round "5.27"]
[White "Verhoef, Jaap"]
[Black "Hng, Mei-Xian Eunice"]
[Result "0-1"]
[ECO "B43"]
[WhiteElo "2015"]
[BlackElo "1661"]
[Annotator "NA RC"]
[PlyCount "63"]
[EventDate "2020.01.20"]
[EventType "swiss"]
[EventCountry "GGB"]
[SourceTitle "playchess.com"]
[Source "ChessBase"]
[SourceQuality "1"]
[TimeControl "6600+10"]

1. e4 c5 2. Nf3 e6 3. d4 cxd4 4. Nxd4 a6 5. Nc3 Qc7 6. Bd3 Nf6 7. O-O Bd6 8. f4 {[%emt 0:01:08] B43: Sicilian: Kan Variation: 5 Nc3} Bc5 9. Be3 (9. Nce2 d6 10. Kh1 e5 11. Nb3 Ba7 12. Qe1 Be6 13. Qg3 Nbd7 14. Bd2 h5 15. f5 Bxb3 16. axb3 {0-1 (68) Hector,J (2495)-Maiwald,J (2443) Germany 2019}) 9... Nc6 10. Nce2 d6 $146 ({Predecessor:} 10... Ng4 11. Qd2 Nxe3 12. Qxe3 Qb6 13. c3 Qxb2 14. Kh1 Qb6 15. Qg3 O-O 16. f5 f6 17. fxe6 dxe6 {0-1 (38) Sambolec,A (1851)-Misovic,S Busevec 2007}) 11. Kh1 O-O 12. e5 dxe5 13. Nxe6 Bxe6 14. Bxc5 Rfd8 15. f5 {[%emt 0:01:38] [#]} Bd5 $2 (15... Bc8 $1 $19 {is more deadly.} 16. Nc3 {[#]} e4 $1 17. Nxe4 Nxe4 {[%mdl 64] Pin}) 16. Ng3 {[%emt 0:05:05] [#]} Bxg2+ $1 17. Kxg2 e4 18. Nxe4 Nxe4 19. f6 Rxd3 20. cxd3 Nxc5 21. Qg4 Ne6 22. Rae1 Ncd4 23. Re4 g6 (23... Qc6 $142 24. Kh1 g6) 24. Rxd4 Nxd4 25. Qxd4 Re8 26. Rf2 Qc6+ 27. Kg3 Qc1 28. Qf4 Qg1+ 29. Kh3 h5 30. Qg3 Re3 31. Rf3 {[%emt 0:00:30] [#]} Rxf3 $1 32. Qxf3 $19 0-1

[Event "Gibraltar Challengers B 2020"]
[Site "Caleta"]
[Date "2020.01.29"]
[Round "5.28"]
[White "Kukic, Boris"]
[Black "Niharika Ch"]
[Result "0-1"]
[ECO "B22"]
[WhiteElo "2056"]
[BlackElo "1865"]
[Annotator "NA"]
[PlyCount "134"]
[EventDate "2020.01.20"]
[EventType "swiss"]
[EventCountry "GGB"]
[SourceTitle "playchess.com"]
[Source "ChessBase"]
[SourceQuality "1"]
[TimeControl "6600+10"]

1. e4 c5 2. c3 Nf6 3. e5 Nd5 4. d4 e6 5. Nf3 Nc6 6. a3 cxd4 7. cxd4 d6 8. exd6 Bxd6 9. Bd3 {[%emt 0:00:20] B22: Sicilian: 2 c3} (9. Be2 Nf4 10. Bxf4 Bxf4 11. Nc3 O-O 12. O-O Bh6 13. Bb5 g6 14. Qd3 Bg7 15. Rfd1 Ne7 16. Ne5 a6 {1-0 (48) Tropp,F (2115)-Gregor,E (2020) Slovakia 2017}) 9... Nf4 10. O-O Nxd3 11. Qxd3 Be7 $146 ({Predecessor:} 11... O-O 12. Nbd2 b6 13. Ne4 Be7 14. Rd1 Bb7 15. Neg5 g6 16. Ne4 Qd5 {0-1 (34) De Miguel Fernandez,B-Altuna Pena,J San Miguel 1999}) 12. Nc3 O-O 13. Bf4 a6 14. h3 b5 15. Rad1 b4 16. axb4 Nxb4 17. Qb1 Bb7 18. Ne4 h6 19. Rfe1 Nd5 20. Bc1 Rc8 21. Ne5 Nf6 22. f3 Qb6 ({Black should play} 22... Nxe4 $17 23. fxe4 Bh4) 23. Nxf6+ Bxf6 24. Nd7 $1 Bxd4+ 25. Kh1 Qb4 26. Nxf8 Rxf8 27. Qd3 Bf6 28. Bd2 Qh4 29. Bc3 Rd8 30. Bxf6 Qxe1+ 31. Rxe1 Rxd3 32. Bc3 g5 33. Kg1 Kh7 34. Kf2 Bc6 35. Re5 Kg6 36. Rc5 Bb5 37. Rc8 h5 38. Rg8+ Kf5 39. Rf8 Rd7 40. g3 g4 41. fxg4+ hxg4 42. h4 e5 43. Rg8 f6 44. Rf8 Rd3 45. Rg8 Rf3+ 46. Kg2 Bc6 47. Be1 Rb3+ 48. Kg1 Rxb2 49. Rd8 Re2 50. Bf2 Ra2 51. Be1 a5 52. Bd2 a4 53. h5 Ra1+ 54. Kf2 Rh1 55. h6 (55. Bb4 $142) 55... Be4 (55... a3 $142 56. Bc3 a2) 56. Rd7 Ke6 57. Ra7 Bc2 58. Kg2 Rd1 59. Be3 Rd7 60. Ra6+ Kf5 61. Bc5 Rf7 62. Be3 Ke4 63. Kf2 f5 64. Bg5 $2 (64. Ra7 $15 Rf8 65. Bc1) 64... f4 65. Bf6 Rd7 66. Ra5 Rd2+ $19 67. Ke1 Rd3 0-1

[Event "Gibraltar Challengers B 2020"]
[Site "Caleta"]
[Date "2020.01.29"]
[Round "5.29"]
[White "Boardman, Jeffrey"]
[Black "Lung, Liviu-Catalin"]
[Result "1/2-1/2"]
[ECO "B32"]
[WhiteElo "1972"]
[BlackElo "2041"]
[Annotator "NA RC"]
[PlyCount "104"]
[EventDate "2020.01.20"]
[EventType "swiss"]
[EventCountry "GGB"]
[SourceTitle "playchess.com"]
[Source "ChessBase"]
[SourceQuality "1"]
[TimeControl "6600+10"]

1. e4 c5 2. Nf3 Nc6 3. d4 cxd4 4. Nxd4 e5 5. Nb5 a6 6. Nd6+ Bxd6 7. Qxd6 Qf6 8. Qd2 Qg6 9. Nc3 Nf6 10. Qd6 b5 {[%emt 0:01:13] B32: Sicilian: Löwenthal and Kalashnikov Variations} (10... Ng4 11. Qxg6 hxg6 12. Nd5 Rb8 13. Bg5 f6 14. Bd2 Nxh2 15. O-O-O d6 16. f3 f5 17. Be3 Rh4 18. Bd3 {1-0 (43) Everett,E (2187)-Mouroutis,K (2181) Berlin 2019}) 11. a3 Ng8 12. Qxg6 hxg6 13. Nd5 Rb8 $146 ({Predecessor:} 13... Kd8 14. Be3 Nd4 15. Bxd4 exd4 16. O-O-O Ne7 17. Nxe7 Kxe7 18. Rxd4 {1-0 (46) Vlasov,E (15)-Inyakina,A (1741) Rybinsk 2006}) 14. Be3 d6 15. O-O-O Be6 16. Nc7+ Ke7 17. Nxa6 Rb7 18. Bd3 f5 19. f4 Nf6 20. fxe5 Nxe5 21. exf5 gxf5 22. Nb4 Nfg4 23. Bg1 g5 24. h3 f4 25. Bd4 Nxd3+ 26. Rxd3 Ne5 27. Bxe5 dxe5 28. Nc6+ Kf6 29. Re1 Re8 30. Nxe5 ({Don't take} 30. Rxe5 $6 Rc7 $16) 30... Bc4 31. Ng4+ {[%emt 0:04:10] Discovered Attack} Kf7 32. Nh6+ Kf8 33. Rxe8+ Kxe8 34. Rd1 Rd7 35. Re1+ Re7 36. Rxe7+ (36. Kd2 $18 {has better winning chances.}) 36... Kxe7 37. Nf5+ Kf6 38. Nd4 Bf1 39. Kd2 Bxg2 40. Nxb5 Bxh3 41. Ke2 Ke5 42. Nc3 {[%emt 0:00:29] [#]} g4 $1 43. Kf2 {[%emt 0:00:08] [#]} (43. a4 $142 g3 44. a5 (44. Kf3 Bd7 $19)) 43... g3+ $1 44. Kf3 Kf5 $2 (44... Bc8 $19 45. Kg2 Bb7+ 46. Kf1 f3) 45. Nd5 Bg4+ 46. Kg2 Ke5 47. Nc3 Kd4 48. a4 {[%emt 0:00:19] [#]} Bf5 $2 ({Better is} 48... Ke5 $1 $19 49. a5 Bc8) 49. Ne2+ Ke3 50. Nxg3 $11 fxg3 51. Kxg3 Bxc2 52. a5 Bd3 1/2-1/2

[Event "Gibraltar Challengers B 2020"]
[Site "Caleta"]
[Date "2020.01.29"]
[Round "5.30"]
[White "Ashwani Kumar Grover"]
[Black "Skutta, Bernd"]
[Result "0-1"]
[ECO "B06"]
[WhiteElo "1731"]
[BlackElo "1998"]
[Annotator "NA"]
[PlyCount "52"]
[EventDate "2020.01.20"]
[EventType "swiss"]
[EventCountry "GGB"]
[SourceTitle "playchess.com"]
[Source "ChessBase"]
[SourceQuality "1"]
[TimeControl "6600+10"]

1. e4 g6 2. Nc3 Bg7 3. f4 c6 4. Nf3 d5 5. Bd3 (5. Qe2 Bg4 6. exd5 Nf6 7. dxc6 Nxc6 8. Qf2 O-O 9. d3 Bxf3 10. Qxf3 Nd4 11. Qd1 Rc8 12. Be2 {0-1 (27) Dvalishvili,P (2433)-Bologan,V (2615) Moscow 2017}) 5... dxe4 6. Nxe4 {[%emt 0:00:13] B06: Modern Defence} Nd7 7. Qe2 $146 ({Predecessor:} 7. Bc4 Ngf6 8. Neg5 Nd5 9. d4 N7b6 10. Bd3 Qc7 11. Qd2 h6 12. Ne4 {1-0 (29) Mosconi,A (2126)-Villalba Izquierdo,P Valencia 2001}) 7... Ndf6 8. Nf2 Nd5 9. g3 Ngf6 10. c3 O-O 11. Bc2 Ng4 12. Nxg4 Bxg4 13. h3 Bxf3 14. Qxf3 e5 15. f5 Qb6 16. d3 gxf5 17. d4 exd4 18. Qxf5 Rfe8+ 19. Kd1 Ne3+ 20. Bxe3 dxe3 21. Qxh7+ Kf8 22. Ke2 Rad8 23. Rhf1 Rd2+ $19 24. Ke1 Rf2 25. Rxf2 exf2+ 26. Kf1 Qe3 0-1

[Event "Gibraltar Challengers B 2020"]
[Site "Caleta"]
[Date "2020.01.29"]
[Round "5.31"]
[White "Filipovich, David"]
[Black "Kaplan, Amiram"]
[Result "1-0"]
[ECO "A34"]
[WhiteElo "1995"]
[BlackElo "1880"]
[Annotator "NA RC"]
[PlyCount "63"]
[EventDate "2020.01.20"]
[EventType "swiss"]
[EventCountry "GGB"]
[SourceTitle "playchess.com"]
[Source "ChessBase"]
[SourceQuality "1"]
[TimeControl "6600+10"]

1. Nf3 c5 2. g3 Nf6 3. Bg2 Nc6 4. O-O e5 5. c4 d6 6. Nc3 Be7 7. b3 {[%emt 0:00:25] A34: Symmetrical English: 2 Nc3, lines with ...d5} O-O 8. Bb2 Bg4 9. h3 Be6 10. e3 $146 ({Predecessor:} 10. Ng5 Bd7 11. d3 {½-½ (29) Koegler,K (2557)-Mathe,I (2435) ICCF email 2008}) 10... Qd7 11. Ng5 h6 12. Nxe6 fxe6 13. f4 exf4 14. gxf4 d5 15. f5 dxc4 16. fxe6 Qxe6 17. bxc4 Kh8 18. Nd5 Rac8 19. Qe1 b6 20. Qg3 Bd6 21. Qh4 Be5 22. d4 cxd4 23. exd4 Bb8 24. Nxf6 Rxf6 25. d5 Rxf1+ 26. Rxf1 Qd6 27. Rf7 Qh2+ 28. Kf1 Ne5 {[%emt 0:00:10] Kg1} 29. Rf2 Kg8 30. Be4 Rf8 31. Rxf8+ $14 Kxf8 32. Ba3+ 1-0

[Event "Gibraltar Challengers B 2020"]
[Site "Caleta"]
[Date "2020.01.29"]
[Round "5.32"]
[White "Cannon, Richard J"]
[Black "Patola, Eero"]
[Result "1-0"]
[ECO "B23"]
[WhiteElo "1990"]
[BlackElo "1831"]
[Annotator "NA"]
[PlyCount "49"]
[EventDate "2020.01.20"]
[EventType "swiss"]
[EventCountry "GGB"]
[SourceTitle "playchess.com"]
[Source "ChessBase"]
[SourceQuality "1"]
[TimeControl "6600+10"]

1. e4 c5 2. Nc3 e6 3. Nge2 d5 4. exd5 exd5 5. d4 c4 (5... Nc6 6. Be3 c4 7. g3 Bb4 8. Bg2 Nge7 9. O-O O-O 10. a3 Ba5 11. b4 cxb3 12. cxb3 Bxc3 13. Nxc3 Be6 {1-0 (58) Demchenko,A (2679)-Inarkiev,E (2693) St Petersburg 2018}) 6. Nf4 {[%emt 0:02:30] B23: Closed Sicilian: Lines without g3} Nf6 7. Be2 Nc6 $146 ({Predecessor:} 7... Na6 8. a3 Nc7 9. O-O Be7 10. Bf3 O-O 11. Re1 Re8 12. Re5 Nd7 13. Re2 {0-1 (37) Howlett,P-Regan,N USA 1992}) 8. O-O Bb4 9. Nb1 O-O 10. b3 b5 11. a4 bxa4 (11... cxb3 $11 12. cxb3 bxa4) 12. bxc4 dxc4 13. c3 Ba5 14. Bf3 Bd7 15. Qxa4 Nxd4 16. Qxa5 Nxf3+ 17. gxf3 Qb8 18. Be3 Bc6 19. Nd2 Re8 20. Rfb1 ({Resist} 20. Nxc4 Bxf3 21. h3 Ne4 $18) 20... Qc8 21. Bd4 Ng4 22. Qg5 f6 23. Qxg4 Bd7 24. Qg3 $18 Qc6 25. Nh5 1-0